Map: Ruins of Seras

Players

Burt

  • Race: Terran Terran
  • League: Platinum

EmperorPat - Winner!

  • Race: Protoss Protoss
  • League: Gold

VOD

Have the link to the VOD?

Description

Time

  • Played on: Nov. 18, 2015, 1:40 a.m.
  • Length: 6:24
Show
View Real Time Build Order
Export as new Build Order

Burt Terran 

Build Orders:  

Get SALT Encoding   

  12  0:01  SCV  
  13  0:13  SCV  
  14  0:18  Supply Depot  
  14  0:26  SCV  
  15  0:39  SCV  
  15  0:40  Barracks  
  16  0:45  Refinery  
  16  0:51  SCV  
  17  1:03  SCV  
  18  1:06  Supply Depot  
  18  1:15  Refinery  
  18  1:16  SCV  
  19  1:28  SCV  
  19  1:29  Reaper  
  21  1:40  Orbital Command  
  21  1:57  Factory  
  21  2:13  SCV  
  21  2:15  Barracks Reactor  
  22  2:25  SCV  
  23  2:37  SCV  
  24  2:50  SCV  
  25  2:51  Factory Tech Lab  
  25  2:54  Starport  
  25  2:59  Supply Depot  
  25  3:02  Armory  
  25  3:03  Marine x2  
  25  3:05  SCV  
  28  3:10  Siege Tank  
  31  3:21  SCV  
  32  3:40  SCV  
  32  3:46  Medivac  
  32  3:48  Marine x2  
  34  3:52  SCV  
  37  4:01  Barracks  
  37  4:03  Barracks  
  37  4:06  Supply Depot  
  37  4:09  Supply Depot  
  37  4:15  Thor  
  37  4:16  Liberator  
  43  4:21  Marine x2  
  45  4:30  SCV  
  49  4:38  Marine  
  49  4:39  Marine  
  51  4:50  Marine x2  
  51  4:51  SCV  
  54  4:56  Marine x2  
  54  4:57  Supply Depot  
  54  4:59  Supply Depot  
  56  5:03  SCV  
  57  5:07  Cyclone  
  57  5:10  Marine x2  
  62  5:16  SCV  
  63  5:21  Supply Depot  
  63  5:30  Marine x2  
  63  5:31  Marine  
  63  5:33  Medivac  
  31  6:00  Marine x3  
  31  6:02  Marine  
Show
View Real Time Build Order
Export as new Build Order

EmperorPat Protoss - Winner!

Build Orders:  

Get SALT Encoding   

  12  0:01  Probe (Chrono Boost)  
  13  0:12  Probe (Chrono Boost)  
  14  0:19  Pylon  
  14  0:26  Probe (Chrono Boost)  
  15  0:37  Probe (Chrono Boost)  
  15  0:41  Gateway  
  16  0:47  Probe (Chrono Boost)  
  17  0:51  Assimilator  
  17  0:58  Probe (Chrono Boost)  
  18  1:06  Pylon  
  18  1:08  Probe (Chrono Boost)  
  19  1:29  Cybernetics Core  
  19  1:31  Probe (Chrono Boost), Zealot  
  22  1:41  Probe (Chrono Boost)  
  23  1:47  Pylon  
  23  1:52  Probe (Chrono Boost)  
  24  2:05  Adept  
  24  2:06  Warp Gate (Chrono Boost)  
  26  2:15  Gateway  
  27  2:22  Probe  
  27  2:29  Gateway  
  27  2:34  Probe  
  27  2:36  Gateway  
  27  2:37  Sentry  
  30  2:41  Assimilator  
  30  2:47  Probe  
  31  2:59  Probe  
  32  3:11  Probe  
  33  3:13  Stalker  
  33  3:14  Stalker  
  33  3:15  Pylon  
  33  3:16  Zealot  
  39  3:23  Pylon  
  39  3:53  Pylon  
  39  4:00  Adept  
  39  4:01  Adept  
  39  4:02  Adept x2  
  48  4:10  Probe  
  48  4:21  Stalker x2  
  48  4:22  Zealot  
  48  4:23  Zealot  
  56  5:13  Nexus, Forge  
  56  5:15  Pylon  
  56  5:20  Robotics Facility  
  56  5:26  Pylon  
  56  5:28  Adept x2  
  58  5:29  Adept  
Tags
 
Add a new tag
Caveats
  • Supply blocks, unpowered buildings, or Contaminate may cause inaccurate times.
  • Supply counts are checked every 10 seconds.